 Dungeon Crawl Stone Soup version 0.31.0-9-g3a7656b989 (webtiles) character file.

Game seed: 4260260731659663255

15368 MacCMillion the Thaumaturge (level 12, -4/88 (91) HPs)
             Began as a Djinni Alchemist on Jan 27, 2024.
             Was an Elder of Makhleb.
             Shot with an arrow by a centaur (9 damage)
             ... led by a centaur warrior
             ... on level 15 of the Dungeon.
             The game lasted 00:42:44 (17092 turns).

MacCMillion the Thaumaturge (Djinni Alchemist)     Turns: 17092, Time: 00:42:44

HP:   -4/88 (91)    AC:  8    Str:  7    XL:     12   Next: 56%
Gold: 914           EV: 14    Int: 21    God:    Makhleb [****..] SH:  0 Dex: 15

rFire   + + .        q - +1 dagger (venom)
rCold   x . .        (no shield)
rNeg    . . .        O - +0 troll leather armour
rPois   ∞            L - +1 helmet
rElec   .            (no cloak)
rCorr   .            E - +2 pair of gloves
SInv    .            (boots unavailable)
Will    +....        (no amulet)
Stlth   ++           (no ring)
HPRegen 1.14/turn    (no ring)
MPRegen 0.00/turn

%: infuse magic (-5 HP)
@: flying, lightly drained
A: sickness immunity, fire resistance 2, cold vulnerability 1, float, innate
caster, HP casting, extra vitality 1
a: Renounce Religion, Minor Destruction, Lesser Servant of Makhleb, Major
Destruction


You were on level 15 of the Dungeon.
You worshipped Makhleb.
Makhleb was greatly pleased with you.
You visited 2 branches of the dungeon, and saw 14 of its levels.
You also visited: Ossuary.

You collected 940 gold pieces.
You spent 26 gold pieces at shops.

Inventory:

Hand Weapons
 q - a +1 dagger of venom (weapon)
Missiles
 p - 139 stones
Armour
 a - a +0 robe
 g - +0 acid dragon scales
 i - a +0 helmet
 E - a +2 pair of gloves (worn)
 H - +0 steam dragon scales
 L - a +1 helmet (worn)
 O - a +0 troll leather armour (worn)
Magical Staves
 y - a staff of cold
Jewellery
 k - a ring of protection from fire
 I - the ring of Nofuy {Wiz Will+ SInv}
   (You found it on level 10 of the Dungeon)

   [ring of wizardry]

   Wiz:       It improves your spell success rate.
   Will+:     It increases your willpower.
   SInv:      It lets you see invisible.
 M - a +4 ring of slaying
 P - an amulet of the acrobat
Wands
 r - a wand of flame (52)
 C - a wand of mindburst (11)
 D - a wand of roots (12)
 J - a wand of paralysis (3)
Scrolls
 b - 2 scrolls of fog
 c - 2 scrolls of immolation
 d - a scroll of enchant armour
 f - a scroll of torment
 m - a scroll of enchant weapon
 n - 3 scrolls of revelation
 s - a scroll of brand weapon
 v - a scroll of noise
 w - a scroll of blinking
 F - a scroll of teleportation
 G - a scroll of vulnerability
Potions
 e - 9 potions of curing
 h - 2 potions of mutation
 j - a potion of haste
 l - a potion of enlightenment
 o - 3 potions of might
 t - 2 potions of brilliance
 u - a potion of attraction
 x - 2 potions of degeneration
 z - 2 potions of cancellation
 A - a potion of invisibility
 B - a potion of ambrosia
 K - a potion of heal wounds {unknown}
 N - a potion of berserk rage {unknown}


   Skills:
 + Level 10.2 Fighting
 + Level 6.0 Dodging
 - Level 4.0 Stealth
 + Level 12.5 Spellcasting
 + Level 12.5 Conjurations
 + Level 12.5 Hexes
   Level 0.0 Charms
 + Level 12.5 Summonings
 + Level 12.5 Necromancy
 + Level 12.5 Translocations
   Level 0.0 Transmutations
 + Level 12.5 Fire Magic
 + Level 12.5 Ice Magic
 + Level 12.5 Air Magic
 + Level 12.5 Earth Magic
 + Level 12.5 Alchemy


You knew the following spells:

 Your Spells              Type           Power      Damage    Failure   Level
a - Sting                 Conj/Alch      100%       1d9       1%          1
b - Mercury Vapours       Alch/Air       100%       N/A       1%          2
c - Mephitic Cloud        Conj/Alch/Air  60%        N/A       1%          3
d - Olgreb's Toxic Radia  Alch           60%        N/A       1%          4
e - Sticky Flame          Fire/Alch      60%        2d10      1%          4
f - Sandblast             Erth           100%       2d20      1%          1
g - Call Imp              Summ           100%       N/A       1%          2
h - Volatile Blastmotes   Fire/Tloc      100%       2d18      1%          3
i - Ozocubu's Armour      Ice            60%        N/A       1%          3
j - Lee's Rapid Deconstr  Erth           30%        3d16*     1%          5
Your spell library was empty.

Dungeon Overview and Level Annotations

Branches:
Dungeon (12/15)            Temple (1/1) D:6            Lair (0/5) D:8
    Orc (0/2) D:10         Depths (0/4) D:15        Ossuary (visited)

Altars:
Dithmenos
Elyvilon
Fedhas
Gozag
Hepliaklqana
Makhleb
Nemelex Xobeh
Okawaru
Qazlal
Ru
Trog
Uskayaw
Wu Jian
Xom
Yredelemnul
Zin
The Shining One

Shops:
D:1 *   D:2 *   D:3 *   D:5 :   D:7 [   D:10 [(:

Annotations:
D:10 Urug


Innate Abilities, Weirdness & Mutations

You are immune to sickness and miasma.
You are immune to poison.
Your flesh is very heat resistant. (rF++)
You are vulnerable to cold. (rC-)
You float through the air rather than walking.
You learn spells naturally, not from books.
Your magical power is your life essence.
You have superior vitality. (+4 MHP)


Message History

The centaur shoots an arrow.
The arrow barely misses you.
The two-headed ogre moves out of view. x2
The centaur shouts! x2; You hear two shouts!
The two-headed ogre shouts in stereo!
You hear a shout!
Casting: Call Imp (safe; 1% risk of failure)
Confirm with . or Enter, or press ? or * to list all spells.
Aiming: Mephitic Cloud (safe; 1% risk of failure)
Press: ? - help, Shift-Dir - straight line The ball explodes into a vile cloud!
The stinking cloud engulfs the centaur. x3
The stinking cloud engulfs the centaur warrior.
* * * LOW HITPOINT WARNING * * *
You hear a roar!
You hear two shouts! x2; You hear a roar!
You hear a bark! x3
A centaur comes into view.
The centaur is engulfed in noxious fumes.
The centaur appears confused.
The centaur hits the centaur.
The centaur closely misses the centaur.
The centaur warrior is engulfed in noxious fumes.
The centaur shoots an arrow.
The arrow hits you.
* * * LOW HITPOINT WARNING * * *
The centaur shoots an arrow.
The arrow closely misses you.
Casting: Mephitic Cloud (safe; 1% risk of failure)
Confirm with . or Enter, or press ? or * to list all spells.
Aiming: Mephitic Cloud (safe; 1% risk of failure)
Press: ? - help, Shift-Dir - straight line, f - centaur
Aim: a centaur, wielding a +0 orcbow (chance to affect: 81%)
The ball explodes into a vile cloud!
The stinking cloud engulfs the centaur.
The stinking cloud engulfs the centaur warrior.
The stinking cloud engulfs the centaur. x2
* * * LOW HITPOINT WARNING * * *
The centaur is engulfed in noxious fumes.
The centaur appears confused.
The centaur is engulfed in noxious fumes.
The centaur warrior is engulfed in noxious fumes.
The centaur shoots an arrow.
The arrow barely misses you.
The centaur is engulfed in noxious fumes.
The centaur appears confused.
The centaur unwields a +0 orcbow.
The centaur hits the centaur warrior.
The centaur barely misses the centaur warrior.
The centaur shoots an arrow.
The arrow hits you!
You die...

*,,,,..,,,,,~~~~~~,,,,,,,,,,,....
*,*,...,,,..~≈≈≈≈~.~,,.,,,*,,..##
*,*....,,,,.~≈≈≈≈~.#,.,*,,*,,,,',
#+#....,,,,,~≈≈≈≈~.#.#,,,,**,,,**
...z.,,,,,,,*≈≈~≈#.#.###,,***,*,,
...#*,,.,,,,**E....c....,,*,,,,,,
!..#*,..,,,,**#...c☼..#**,,******
...##...,,,,* #..§c§..# *,,,,,<,,
.......,,,,,**#.@ccc..# **,***,**
...##.#,,........§☼...# *,***,,,
%..#*,*,,......#####O##***,*~~,,,
...#*,*,,......,,,,,,.O,,*,~,,,,,
####*,*,,.....,****,,,,O,*,,,~,~*
#,,,,,*,,.....,***~,,,,,,~~~,~,,,
#,****,,,...#****~~~****~~~~,~~~*
#,# *,,,...* **~~~~~***~~~~,~~~*
#.###*,,,,,,***~~~~~~~***~~~,~~~*


You could see a centaur warrior, 3 two-headed ogres, a water elemental and 5
centaurs.

Vanquished Creatures
  An orc knight (D:15)
  An ugly thing (D:12)
  2 cyclopes
  A manticore (D:12)
  A cane toad (shapeshifter) (D:12)
  2 gargoyles (D:11)
  A kobold demonologist (D:11)
  A komodo dragon (D:11)
  Grinder (D:3)
  4 trolls
  A hornet (D:8)
  Sigmund (D:2)
  6 slime creatures (D:12)
  A shadow (D:12)
  3 wraiths
  2 wyverns
  19 yaks
  A warg (D:15)
  A steam dragon (D:9)
  A basilisk (D:12)
  8 vampire mosquitoes
  Menkaure (D:4)
  Edmund (D:4)
  2 acid dragons (D:12)
  2 water moccasins (D:7)
  Duvessa (D:4)
  3 black bears
  An ice beast (D:6)
  9 orc warriors
  A sky beast (D:7)
  2 laughing skulls (D:15)
  An ogre (D:5)
  3 kobold brigands
  2 phantoms
  2 bullfrogs
  2 gnoll sergeants
  3 scorpions (D:5)
  Dowan (D:4)
  5 killer bees (D:11)
  An electric eel (D:15)
  A howler monkey (D:12)
  A bombardier beetle (D:3)
  2 hounds
  6 orc priests
  An iguana (D:6)
  8 orc wizards
  Terence (D:2)
  6 mummies (Ossuary)
  Robin (D:4)
  8 adders
  16 gnolls
  3 shadow imps
  A white imp (D:6)
  8 ufetubi
  5 dart slugs
  4 ribbon worms
  50 orcs
  4 endoplasms
  3 giant cockroaches
  18 goblins
  2 hobgoblins (D:4)
  A quokka (D:1)
  5 ball pythons
  A ball python skeleton (D:2)
  5 bats
  3 frilled lizards (D:1)
  A giant cockroach zombie (D:2)
  2 hobgoblin zombies (Ossuary)
  15 kobolds
  3 kobold zombies (Ossuary)
  An orc zombie (Ossuary)
  6 rats
294 creatures vanquished.

Vanquished Creatures (collateral kills)
  A sleepcap (D:5)
  2 mummies (Ossuary)
  A giant cockroach (D:4)
  A gnoll zombie (Ossuary)
  A ball python skeleton (D:2)
  A hobgoblin zombie (Ossuary)
  A quokka skeleton (D:2)
8 creatures vanquished.

Vanquished Creatures (others)
  An arcanist (D:9)
1 creature vanquished.

Grand Total: 303 creatures vanquished

Notes
Turn   | Place    | Note
-------+----------+-------------------------------------------
     0 | D:1      | MacCMillion the Djinni Alchemist began the quest for the
                  | Orb.
     0 | D:1      | MacCMillion set off with the following spells memorised:
                  | Sting, Mercury Vapours, Mephitic Cloud, Olgreb's Toxic
                  | Radiance, Sticky Flame.
     0 | D:1      | Reached XP level 1. HP: 15/15 MP: 0/0
   198 | D:1      | Reached XP level 2. HP: 21/21 MP: 0/0
   241 | D:1      | Found Vostrei's General Store.
   250 | D:1      | Bought a scroll of identify for 26 gold pieces
   845 | D:2      | Found Kijox's General Store.
   968 | D:2      | Found a faded altar of an unknown god.
   982 | D:2      | Reached XP level 3. HP: 14/25 MP: 0/0
   982 | D:2      | Learned a level 1 spell: Sandblast
  1168 | D:2      | Noticed Terence
  1188 | D:2      | Killed Terence
  1189 | D:2      | Reached XP level 4. HP: 30/31 MP: 0/0
  1529 | D:2      | Noticed Sigmund
  2872 | D:3      | Reached XP level 5. HP: 32/35 MP: 0/0
  2872 | D:3      | Learned a level 2 spell: Call Imp
  3023 | D:3      | Found Afucridy's Assorted Antiques.
  3070 | D:3      | Reached skill level 5 in Spellcasting
  3070 | D:3      | Reached skill level 5 in Conjurations
  3070 | D:3      | Reached skill level 5 in Hexes
  3070 | D:3      | Reached skill level 5 in Summonings
  3070 | D:3      | Reached skill level 5 in Necromancy
  3070 | D:3      | Reached skill level 5 in Translocations
  3070 | D:3      | Reached skill level 5 in Fire Magic
  3070 | D:3      | Reached skill level 5 in Ice Magic
  3070 | D:3      | Reached skill level 5 in Air Magic
  3070 | D:3      | Reached skill level 5 in Earth Magic
  3070 | D:3      | Reached skill level 5 in Alchemy
  3399 | D:4      | Noticed Edmund
  3400 | D:4      | Noticed Menkaure
  3408 | D:3      | Reached XP level 6. HP: 19/40 MP: 0/0
  3648 | D:4      | Noticed Robin
  3735 | D:4      | Noticed a black bear
  3749 | D:4      | Killed Edmund
  3765 | D:4      | Killed a black bear
  3766 | D:4      | Reached XP level 7. HP: 16/45 MP: 0/0
  3766 | D:4      | Learned a level 3 spell: Volatile Blastmotes
  4097 | D:4      | Noticed Dowan
  4144 | D:4      | Killed Robin
  4336 | D:4      | Found a shadowy altar of Dithmenos.
  4414 | D:4      | Noticed Duvessa
  4428 | D:4      | Killed Dowan
  4919 | D:4      | Killed Menkaure
  5139 | D:4      | Found a shadowy altar of Dithmenos.
  5165 | D:4      | Killed Duvessa
  5166 | D:4      | Reached XP level 8. HP: 34/50 MP: 0/0
  5585 | D:3      | Noticed Grinder
  5592 | D:3      | Killed Grinder
  5711 | D:5      | Entered Level 5 of the Dungeon
  5872 | D:5      | Found Atam's Self-Improvement Boutique.
  6153 | D:5      | Found a sand-covered staircase.
  6158 | Ossuary  | Entered an ossuary
  6753 | D:5      | Reached XP level 9. HP: 47/55 MP: 0/0
  6753 | D:5      | Learned a level 3 spell: Ozocubu's Armour
  7497 | D:6      | Found a staircase to the Ecumenical Temple.
  7521 | Temple   | Entered the Ecumenical Temple
  7540 | Temple   | Became a worshipper of Makhleb the Destroyer
  8031 | D:6      | Found a white marble altar of Elyvilon.
  8454 | D:7      | Reached * piety under Makhleb
  8987 | D:7      | Found Byoghev's Antique Armour Shoppe.
  9256 | D:7      | Found a shimmering altar of Xom.
  9257 | D:7      | Found a hazy altar of Hepliaklqana.
  9258 | D:7      | Noticed a spectral ugly thing
  9434 | D:8      | Noticed a hornet
  9438 | D:8      | Killed a hornet
  9439 | D:8      | Reached skill level 10 in Spellcasting
  9439 | D:8      | Reached skill level 10 in Conjurations
  9439 | D:8      | Reached skill level 10 in Hexes
  9439 | D:8      | Reached skill level 10 in Summonings
  9439 | D:8      | Reached skill level 10 in Necromancy
  9439 | D:8      | Reached skill level 10 in Translocations
  9439 | D:8      | Reached skill level 10 in Fire Magic
  9439 | D:8      | Reached skill level 10 in Ice Magic
  9439 | D:8      | Reached skill level 10 in Air Magic
  9439 | D:8      | Reached skill level 10 in Earth Magic
  9439 | D:8      | Reached skill level 10 in Alchemy
  9455 | D:7      | Reached skill level 1 in Fighting
  9458 | D:7      | Reached XP level 10. HP: 16/64 MP: 0/0
 10226 | D:8      | Found a staircase to the Lair.
 10250 | D:8      | Reached ** piety under Makhleb
 10724 | D:2      | Killed Sigmund
 10999 | D:9      | Reached skill level 5 in Fighting
 11577 | D:9      | Found a bloodstained altar of Trog.
 11580 | D:9      | Noticed a wizard
 11585 | D:9      | Killed a wizard
 12213 | D:10     | Entered Level 10 of the Dungeon
 12480 | D:10     | Found an iron altar of Okawaru.
 12480 | D:10     | Found a glowing golden altar of the Shining One.
 12498 | D:10     | Identified the ring of Nofuy {Wiz Will+ SInv}
 12510 | D:10     | Noticed Urug
 12576 | D:10     | Reached XP level 11. HP: 78/78 MP: 0/0
 12576 | D:10     | Learned a level 5 spell: Lee's Rapid Deconstruction
 13117 | D:10     | Found Sopreu's Vocational Training.
 13351 | D:10     | Found Puymuq's Armour Shoppe.
 13365 | D:10     | Found a staircase to the Orcish Mines.
 13384 | D:10     | Reached *** piety under Makhleb
 13526 | D:10     | Found Qytapt's Weapon Shoppe.
 14190 | D:11     | Noticed a cyclops
 14210 | D:11     | Killed a cyclops
 15789 | D:12     | Noticed a white ugly thing
 15802 | D:12     | Killed a white ugly thing
 16085 | D:12     | Reached XP level 12. HP: 86/89 MP: 0/0
 16269 | D:12     | Reached **** piety under Makhleb
 16308 | D:12     | Reached skill level 5 in Dodging
 16525 | D:12     | Reached skill level 10 in Fighting
 16656 | D:12     | You are sucked into a shaft and drop 3 floors!
 16656 | D:15     | Entered Level 15 of the Dungeon
 17037 | D:15     | Noticed a fire dragon
 17070 | D:15     | Noticed an ice dragon
 17090 | D:15     | Noticed a two-headed ogre
 17090 | D:15     | Noticed a two-headed ogre
 17090 | D:15     | Noticed a centaur warrior
 17090 | D:15     | Noticed a two-headed ogre
 17092 | D:15     | Shot with an arrow by a centaur

Illustrated notes

Levels and vault maps discovered:
D:1:      ncdulo_wetmaze, layout_loops_ring, serial_shops, shop
D:2:      layout_basic, serial_undead, serial_undead_e, serial_undead_b,
          serial_undead_f, serial_undead_a, serial_shops, shop,
          hellmonk_ecumenical_altar_slurped_away, dreamdust_princess_corridor,
          minmay_crystal_water, uniq_terence, uniq_sigmund
D:3:      kb_forest_paths, layout_rooms, serial_shops, shop,
          reono_crystal_passage, bh_walls_and_bars, uniq_grinder
D:4:      layout_rooms, nicolae_dithmenos_shadow_blocks,
          hangedman_decor_riveting, uniq_edmund, uniq_robin, uniq_duvessa,
          uniq_menkaure
D:5:      layout_loops_ring, enter_ossuary_2, nicolae_shop_self_help
D:6:      layout_cave_pools, mainiacjoe_overflow_cross_hatched,
          lemuel_crystal_altar, temple_doors_e
D:7:      layout_basic, regret_index_temple_of_mockery, serial_shops, shop
D:8:      layout_basic, nicolae_overflow_hidden_temple, lair_entry_dummy
D:9:      layout_loops_corners, trog_wizard
D:10:     layout_layer_cave, mainiacjoe_overflow_divided_tiny, orc_david_3,
          nicolae_shop_vocational, uniq_urug
D:11:     layout_roguey, lemuel_old_faithful
D:12:     minmay_clustersquares, layout_loops_ring, st_stairs_11
D:15:     grunt_enter_depths_hoard, layout_basic,
          hangedman_abyss_or_decor_stagger, uniq_azrael
Temple:   minmay_temple_bridge_abc

Skill      XL: |  1  2  3  4  5  6  7  8  9 10 11 12 |
---------------+-------------------------------------+-----
Spellcasting   | 4 5 6 8 10 11 12 | 12.5
Conjurations   | 4 5 6 8 10 11 12 | 12.5
Hexes          | 4 5 6 8 10 11 12 | 12.5
Summonings     | 4 5 6 8 10 11 12 | 12.5
Necromancy     | 4 5 6 8 10 11 12 | 12.5
Translocations | 4 5 6 8 10 11 12 | 12.5
Fire Magic     | 4 5 6 8 10 11 12 | 12.5
Ice Magic      | 4 5 6 8 10 11 12 | 12.5
Air Magic      | 4 5 6 8 10 11 12 | 12.5
Earth Magic    | 4 5 6 8 10 11 12 | 12.5
Alchemy        | 4 5 6 8 10 11 12 | 12.5
Stealth        | 3 4 |  4.0
Fighting       | 1 6 9 10 | 10.2
Dodging        | 3 6 |  6.0

Action                     |  1- 3 |  4- 6 |  7- 9 | 10-12 || total
---------------------------+-------+-------+-------+-------++-------
  Melee: Dagger            |     9 |     2 |     9 |    46 ||    66
         Punch             |     1 |       |       |       ||     1
  Throw: Stone             |       |     1 |       |       ||     1
   Cast: Sting             |    47 |    68 |    39 |    27 ||   181
         Call Imp          |       |     2 |    19 |    11 ||    32
         Mephitic Cloud    |       |     4 |     6 |    30 ||    40
         Olgreb's Toxic Ra |       |     3 |    33 |    73 ||   109
         Sandblast         |       |       |    37 |     8 ||    45
         Volatile Blastmot |       |       |     5 |    11 ||    16
         Sticky Flame      |       |       |    12 |    19 ||    31
         Lee's Rapid Decon |       |       |       |    26 ||    26
  Evoke: Wand              |       |       |       |     2 ||     2
    Use: Scroll            |     3 |     1 |     4 |    14 ||    22
   Stab: Sleeping          |       |       |       |     2 ||     2
         Confused          |       |       |       |     7 ||     7
 Armour: Robe              |     8 |    13 |    30 |    24 ||    75
         Steam dragon scal |       |       |       |    10 ||    10
         Troll leather arm |       |       |       |    40 ||    40
  Dodge: Dodged            |    23 |    16 |    26 |    51 ||   116
